 Dungeon Sprint DCSS version 0.30-a0-596-g0af90f9a20 (webtiles) character file.

Game seed: 14045055436920815149

244 Darkkill the Sneak (level 6, -1/79 HPs)
             Began as a Human Monk on Jan 6, 2023.
             Was an Initiate of Gozag.
             Slain by a gnoll
             ... wielding a +0 spear
             ... led by a gnoll bouda
              (5 damage)
             ... in the Dungeon (Sprint VII: "The Pits").
             The game lasted 00:02:06 (308 turns).

Darkkill the Sneak (Human Monk)                      Turns: 308, Time: 00:02:07

Health: -1/79      AC: 12    Str: 13    XL:     6   Next: 32%
Magic:  6/6        EV:  4    Int: 11    God:    Gozag
Gold:   450        SH:  0    Dex: 15    Spells: 5/5 levels left

rFire   . . .      SeeInvis .    j - +2 quarterstaff
rCold   . . .      Faith    .    (shield currently unavailable)
rNeg    . . .      Spirit   .    n - +2 plate armour
rPois   .          Reflect  .    (no helmet)
rElec   .          Harm     .    (no cloak)
rCorr   .          Rampage  .    (no gloves)
Will    .....      NoTele   +    (no boots) Stlth
                                 (no amulet)
HPRegen 0.33/turn                (no ring)
MPRegen 0.10/turn                (no ring)

@: berserking (expiring), gold aura, very quick
A: no striking features
a: Renounce Religion, Potion Petition, Call Merchant, Bribe Branch


You were in the Dungeon.
You worshipped Gozag.
Gozag was aware of your devotion.
You visited 1 branch You collected 450 gold pieces.

Inventory:

Hand Weapons
 j - a +2 quarterstaff (weapon)
Missiles
 k - 10 stones (quivered)
Armour
 n - a +2 plate armour (worn)
Scrolls
 i - a scroll of blinking
 l - 5 scrolls of amnesia
 m - a scroll of butterflies
Potions
 a - 2 potions of invisibility
 c - a potion of ambrosia
 d - a potion of heal wounds
 e - 4 potions of curing {@q1}
 f - a potion of haste
 g - 4 potions of magic


   Skills:
 + Level 6.8 Fighting
 + Level 6.7 Axes
 + Level 6.7 Dodging
 + Level 6.8 Stealth


You had 5 spell levels left.
You didn't know any spells.
Your spell library was empty.

Dungeon Overview and Level Annotations

Branches:
Dungeon (1/1)

Altars:
Ashenzari
Cheibriados
Dithmenos
Elyvilon
Fedhas
Gozag
Hepliaklqana
Kikubaaqudgha
Makhleb
Nemelex Xobeh
Okawaru
Qazlal
Ru
Sif Muna
Trog
Uskayaw
Vehumet
Wu Jian
Xom
Yredelemnul
Zin
The Shining One
Jiyva
Lugonu


Message History

The orc wizard is severely wounded.
Your attacks no longer feel as feeble.
The orc wizard hits you with a +0 dagger.
The gnoll sergeant hits you but does no damage.
The orc wizard casts a spell.
The orc wizard flickers and vanishes!
Deactivating autopickup; reactivate with Ctrl-A.
The gnoll sergeant hits you but does no damage.
You sock something!
Reactivating autopickup.
You feel a bit more experienced.
The gnoll is no longer moving quickly.
The gnoll bouda gazes fiercely through you!
You feel your attacks grow feeble.
The gnoll is distracted by your dazzling golden aura.
The gnoll sergeant hits you from afar with a +0 spear.
The gnoll shouts!
You hit the orc but do no damage. The orc hits you but does no damage.
The gnoll sergeant hits you from afar with a +0 spear.
A gnoll comes into view. It is wielding a +0 whip.
You feel much better. The orc hits you with a +0 club.
The gnoll bouda barks out a call to the hunt!
The gnolls pick up the pace!
The gnoll sergeant hits you but does no damage.
You feel much better.
The gnoll sergeant is no longer moving quickly.
The gnoll is no longer moving quickly. x2; The orc hits you with a +0 club.
The gnoll sergeant hits you from afar with a +0 spear.
A red film seems to cover your vision as you go berserk!
You feel yourself moving faster!
You feel mighty!
The gnoll is no longer distracted by gold.
The orc barely misses you.
The gnoll sergeant hits you from afar with a +0 spear!
You hit the orc.
The orc is almost dead.
Your attacks no longer feel as feeble.
The orc priest looks satisfied for a moment.
The gnoll bouda barks out a call to the hunt!
The gnolls pick up the pace!
The orc hits you but does no damage.
The gnoll is distracted by your dazzling golden aura.
The gnoll sergeant hits you from afar with a +0 spear.
You sock the orc!
You kill the orc!
A gnoll comes into view. It is wielding a +0 whip.
The gnoll sergeant hits you from afar with a +0 spear.
You completely miss the gnoll bouda.
The gnoll shouts!
The gnoll is no longer moving quickly.
The gnoll is no longer distracted by gold.
The gnoll bouda barely misses you. The gnoll completely misses you.
The gnoll sergeant hits you but does no damage.
You barely miss the gnoll bouda.
A gnoll comes into view. It is wielding a +0 club.
The gnoll bouda gazes fiercely through you!
You feel your attacks grow feeble.
The gnoll bouda hits you but does no damage.
You sock the gnoll bouda!
The gnoll bouda is severely wounded.
The gnoll hits you from afar with a +0 spear.
The gnoll sergeant is distracted by your dazzling golden aura.
You closely miss the gnoll bouda.
The gnoll bouda is severely wounded.
The gnoll sergeant shouts!
The gnoll sergeant is no longer distracted by gold.
The orc priest casts a cantrip, but nothing happens.
The gnoll bouda hits you but does no damage.
The gnoll sergeant hits you but does no damage.
The gnoll hits you from afar with a +0 spear.
You closely miss the gnoll bouda.
The gnoll bouda is severely wounded.
The orc priest calls down the wrath of Beogh upon you.
Beogh smites you!
The gnoll bouda hits you with a +0 club.
The gnoll sergeant hits you from afar with a +0 spear.
The gnoll barely misses you.
You hit the gnoll bouda.
The gnoll bouda is almost dead.
Your attacks no longer feel as feeble.
The gnoll bouda barks out a call to the hunt!
The gnoll picks up the pace!
The gnoll sergeant hits you from afar with a +0 spear!
* * * LOW HITPOINT WARNING * * *
The gnoll hits you from afar with a +0 spear.
* * * LOW HITPOINT WARNING * * *
You sock the gnoll bouda!
You kill the gnoll bouda!
The orc priest invokes the aid of Beogh against you.
Beogh smites you!
* * * LOW HITPOINT WARNING * * *
The gnoll sergeant hits you from afar with a +0 spear.
* * * LOW HITPOINT WARNING * * *
The gnoll barely misses you. The gnoll hits you but does no damage.
The gnoll sergeant hits you but does no damage.
There is an open door, spattered with blood here.
Items here: $ )))))) [[[[.
The gnoll sergeant blocks your attack.
The gnoll hits you from afar with a +0 spear.
You die...
Your body crumbles into a pile of gold.

#.#[[#.....##.....
#.#))#####'#####'#
#.#))#.....##.....
#.#))#.....##.....
#.#..###)####.....
#.##'#.....##...<.
#.#........##.....
#$#........##.....
#@###########.....
#ggg....# ######
#go###..#


#oog ##g## g. .# .. You could see a gnoll sergeant (swift), an orc priest, 6
gnolls and 2 orcs.

Vanquished Creatures
  Sigmund (D)
  A gnoll bouda (D)
  3 orc wizards (D)
  2 gnolls (D)
  An adder (D)
  2 orcs (D)
  An endoplasm (D)
  A giant cockroach (D)
  A quokka (D)
  A bat (D)
  A jackal skeleton (D)
  A kobold (D)
16 creatures vanquished.

Vanquished Creatures (others)
  An orc wizard (D)
1 creature vanquished.

Grand Total: 17 creatures vanquished

Notes
Turn   | Place    | Note
-------+----------+-------------------------------------------
     0 | D        | Darkkill the Human Monk began the quest for the Orb.
     0 | D        | Reached XP level 1. HP: 18/18 MP: 1/1
    18 | D        | Found a bloodstained altar of Trog.
    18 | D        | Found a shimmering blue altar of Sif Muna.
    18 | D        | Found a viscous altar of Jiyva.
    18 | D        | Found a hazy altar of Hepliaklqana.
    18 | D        | Found an opulent altar of Gozag.
    19 | D        | Found a glowing golden altar of the Shining One.
    19 | D        | Found a glowing silver altar of Zin.
    19 | D        | Found a basalt altar of Yredelemnul.
    19 | D        | Found a shimmering altar of Xom.
    19 | D        | Found an ornate altar of the Wu Jian Council.
    19 | D        | Found a sacrificial altar of Ru.
    19 | D        | Found a stormy altar of Qazlal.
    19 | D        | Found an iron altar of Okawaru.
    19 | D        | Found a sparkling altar of Nemelex Xobeh.
    19 | D        | Found a burning altar of Makhleb.
    19 | D        | Found a blossoming altar of Fedhas.
    19 | D        | Found a white marble altar of Elyvilon.
    19 | D        | Found a shadowy altar of Dithmenos.
    19 | D        | Found a snail-covered altar of Cheibriados.
    21 | D        | Found a radiant altar of Vehumet.
    21 | D        | Found a corrupted altar of Lugonu.
    23 | D        | Found an ancient bone altar of Kikubaaqudgha.
    23 | D        | Found a hide-covered altar of Uskayaw.
    23 | D        | Found a broken altar of Ashenzari.
    26 | D        | Became a worshipper of Gozag Ym Sagoz the Greedy
    71 | D        | Reached XP level 2. HP: 25/25 MP: 2/2
   117 | D        | Reached XP level 3. HP: 23/30 MP: 3/3
   160 | D        | HP: 5/30 [gnoll/+0 spear (5)]
   246 | D        | Noticed Sigmund
   249 | D        | Noticed a gnoll sergeant
   252 | D        | Reached XP level 4. HP: 38/38 MP: 4/4
   281 | D        | Killed Sigmund
   282 | D        | Reached XP level 5. HP: 21/46 MP: 5/5
   289 | D        | Reached XP level 6. HP: 31/53 MP: 6/6
   306 | D        | HP: 4/79 [orc priest/divine providence (12)]
   308 | D        | Slain by a gnoll

Illustrated notes

Levels and vault maps discovered:
D:        pitsprint [storerooms_1, entrance_room_1, metal_vault_6, armoury_2,
          mini_pit_1, grid_room_1, main_hall_1, silver_pit, the_coven_3,
          the_vestibule_1, steel_vault_5, golden_pit, hallway_of_sentries,
          crystal_vault_2, iron_vault_3, final_vault]

Skill      XL: |  1  2  3  4 |
---------------+-------------+-----
Stealth        | 3 4 6 |  6.8
Fighting       | 4 6 |  6.8
Axes           | 4 6 |  6.7
Dodging        | 4 6 |  6.7

Action                   |  1- 3 |  4- 6 || total
-------------------------+-------+-------++-------
Melee: Quarterstaff      |    30 |    38 ||    68
       Hand axe          |     1 |       ||     1
  Use: Potion            |     4 |     6 ||    10
 Stab: Sleeping          |     4 |       ||     4
       Confused          |       |     1 ||     1
Armor: Robe              |     6 |       ||     6
       Plate armour      |     1 |    31 ||    32
Dodge: Dodged            |    31 |     7 ||    38

Table legend: (Time is in decaauts)
 A = Elapsed time spent in this place.
 B = Non-inter-level travel time spent in this place.
 C = Inter-level travel time spent in this place.
 D = Time resting spent in this place.
 E = Time spent auto-exploring this place.
 F = Levels seen in this place.
 G = Mean time per level.
                   A        B        C        D        E       F      G
               +--------+--------+--------+--------+--------+-----+--------+
         Total |    333 |    312 |     21 |     48 |      0 |   1 |  333.0 |
       Dungeon |    333 |    312 |     21 |     48 |      0 |   1 |  333.0 |
               +--------+--------+--------+--------+--------+-----+--------+

Top non-repeatable levels by time:
       D: 333 daAuts

Table legend:
 A = Kills in this place as a percentage of kills in entire the game.
 B = Kills by you in this place as a percentage of kills by you in the entire game.
 C = Kills by friends in this place as a percentage of kills by friends in the entire game.
 D = Other kills in this place as a percentage of other kills in the entire game.
 E = Experience gained in this place as a percentage of experience gained in the entire game.
 F = Experience gained in this place divided by the number of levels of this place that you have seen.
                   A       B       C       D       E      F
               +-------+-------+-------+-------+-------+----------------------
         Total | 100.0 | 100.0 |   N/A |   N/A | 100.0 | 349.0
       Dungeon | 100.0 | 100.0 |   N/A |   N/A | 100.0 | 349.0
               +-------+-------+-------+-------+-------+----------------------
